Map: Emerald City LE

Players

Massa

  • Race: Terran Terran
  • League: Gold
  • Spawn Location: 11:00

qqq

  • Race: Zerg Zerg
  • League: Platinum
  • Spawn Location: 11:00

JVN

  • Race: Protoss Protoss
  • Spawn Location: 5:00

jZR

  • Race: Terran Terran
  • League: Master
  • Spawn Location: 5:00

VOD

Have the link to the VOD?

Description

Time

  • Played on: May 28, 2020, 9:52 a.m.
  • Length: 4:58
Show
View Real Time Build Order
Export as new Build Order

Massa Terran 

Build Orders:  

Get SALT Encoding   

  12  0:12  Supply Depot  
  13  0:14  SCV  
  13  0:26  SCV  
  14  0:36  Barracks  
  14  0:40  SCV  
  15  0:52  SCV  
  16  1:00  Barracks  
  16  1:05  Supply Depot  
  16  1:10  SCV  
  17  1:36  SCV  
  18  1:42  Refinery  
  18  1:48  SCV  
  19  2:00  SCV  
  20  2:02  Marine  
  21  2:20  Marine  
  21  2:22  Marine  
  22  2:37  Marine  
  22  2:39  Marine  
  24  2:55  Marine  
  24  2:57  Marine  
  26  3:04  Command Center  
  26  3:06  Orbital Command  
  26  3:11  Refinery  
  26  3:13  Marine, Engineering Bay  
  27  3:28  Barracks Tech Lab  
  27  3:30  Supply Depot  
  27  3:31  Marine  
  29  3:34  SCV  
  29  3:46  SCV  
  30  3:48  Missile Turret  
  30  3:58  SCV  
  30  4:00  Factory  
  31  4:10  SCV, Missile Turret  
  31  4:15  Marauder  
  34  4:18  Barracks Reactor  
  34  4:24  SCV  
  34  4:25  SCV  
  36  4:36  SCV, Missile Turret  
  36  4:37  SCV  
  38  4:46  Factory Tech Lab  
  38  4:52  Missile Turret  
Show
View Real Time Build Order
Export as new Build Order

qqq Zerg 

Build Orders: Hatch First 

Get SALT Encoding   

  12  0:02  Drone  
  13  0:08  Drone  
  14  0:35  Hatchery  
  13  0:54  Spawning Pool  
  12  0:58  Overlord  
  12  1:03  Drone  
  13  1:09  Drone  
  14  1:13  Extractor  
  14  1:14  Drone  
  14  1:30  Drone  
  14  1:32  Drone  
  16  1:43  Queen  
  18  1:47  Queen  
  18  1:53  Drone  
  21  1:55  Drone  
  21  2:00  Zergling x2  
  23  2:03  Drone  
  23  2:08  Drone  
  25  2:12  Drone  
  26  2:19  Overlord  
  26  2:31  Drone x2  
  28  2:43  Zergling x4  
  28  2:44  Drone  
  31  2:47  Metabolic Boost  
  31  2:59  Drone x3  
  31  3:00  Drone x2  
  31  3:02  Overlord  
  36  3:11  Lair  
  36  3:23  Drone x3, Extractor  
  38  3:27  Evolution Chamber  
  38  3:30  Drone  
  38  3:32  Drone, Roach Warren  
  38  3:48  Hatchery  
  37  3:53  Zergling x6  
  40  3:56  Drone x2  
  41  4:07  Zergling x4  
  41  4:08  Overlord  
  41  4:09  Overlord  
  43  4:21  Overlord  
  43  4:29  Roach  
  43  4:30  Drone x4  
  43  4:31  Drone x2  
  51  4:35  Roach  
  53  4:45  Extractor  
  62  4:53  Spore Crawler  
Show
View Real Time Build Order
Export as new Build Order

JVN Protoss 

Build Orders:  

Get SALT Encoding   

  12  0:01  Probe  
  13  0:13  Probe  
  14  0:22  Pylon  
  14  0:25  Probe  
  15  0:40  Probe  
  16  0:43  Gateway  
  16  0:49  Assimilator  
  16  0:52  Probe (Chrono Boost)  
  17  1:02  Probe (Chrono Boost)  
  18  1:04  Pylon  
  18  1:07  Probe (Chrono Boost)  
  19  1:18  Probe  
  20  1:26  Assimilator  
  20  1:30  Probe  
  21  1:36  Cybernetics Core  
  21  1:43  Probe  
  22  1:52  Gateway  
  22  1:55  Probe (Chrono Boost)  
  22  1:58  Pylon  
  23  2:04  Probe (Chrono Boost)  
  24  2:09  Probe (Chrono Boost)  
  24  2:11  Warp Gate  
  24  2:15  Stalker (Chrono Boost)  
  25  2:21  Probe  
  28  2:33  Probe  
  29  2:44  Nexus  
  29  2:49  Probe  
  30  3:01  Probe, Robotics Facility  
  31  3:13  Probe  
  31  3:17  Pylon  
  31  3:18  Stalker  
  34  3:22  Sentry  
  34  3:25  Probe  
  37  3:37  Probe, Pylon  
  37  3:40  Forge  
  39  3:48  Observer (Chrono Boost)  
  39  3:49  Probe  
  40  4:01  Probe (Chrono Boost), Immortal (Chrono Boost)  
  45  4:05  Pylon  
  45  4:07  Probe (Chrono Boost)  
  48  4:18  Probe x2 (Chrono Boost), Pylon  
  48  4:23  Probe (Chrono Boost)  
  48  4:26  Assimilator x2  
  48  4:28  Probe  
  50  4:33  Zealot  
  50  4:35  Sentry  
  50  4:36  Probe  
  55  4:44  Probe  
  56  4:47  Photon Cannon  
  56  4:49  Shield Battery  
Show
View Real Time Build Order
Export as new Build Order

jZR Terran 

Build Orders: Reaper Expand 

Get SALT Encoding   

  12  0:00  SCV  
  13  0:12  SCV  
  14  0:18  Supply Depot  
  14  0:25  SCV  
  15  0:40  SCV  
  15  0:42  Barracks  
  16  0:45  Refinery  
  16  0:52  SCV  
  17  1:04  SCV  
  18  1:16  SCV  
  19  1:30  Orbital Command  
  19  1:31  Reaper  
  20  1:41  Command Center  
  20  1:48  Supply Depot  
  20  1:56  SCV  
  21  2:04  Marine  
  22  2:09  SCV  
  22  2:12  Factory  
  23  2:21  SCV  
  24  2:22  Barracks Reactor  
  24  2:27  Refinery  
  24  2:33  SCV  
  25  2:45  SCV  
  26  2:57  SCV  
  27  3:03  Starport  
  27  3:07  Barracks Tech Lab  
  27  3:09  SCV, Hellion x2  
  32  3:14  Orbital Command  
  32  3:21  SCV  
  32  3:25  Bunker  
  33  3:33  SCV, Hellion x2  
  38  3:43  SCV  
  38  3:45  SCV  
  40  3:51  Banshee  
  40  3:55  SCV  
  44  3:57  SCV  
  44  3:59  Supply Depot  
  45  4:08  SCV  
  46  4:12  Supply Depot  
  46  4:18  Barracks Tech Lab  
  46  4:20  SCV  
  46  4:22  SCV  
  48  4:32  SCV  
  48  4:34  SCV  
  48  4:36  Command Center  
  53  4:40  Refinery, Factory Tech Lab  
  53  4:45  SCV  
  54  4:49  Barracks  
  54  4:50  Barracks  
Tags
 
Add a new tag
Caveats
  • Supply blocks, unpowered buildings, or Contaminate may cause inaccurate times.
  • Supply counts are checked every 10 seconds.